 Dungeon Crawl Stone Soup version 0.26-a0-1033-gd598b01645 (webtiles) character file.

Game seed: 2622840620746243347

5135 Floopie the Cleaver (level 10, 0/136 HPs)
             Began as a Deep Dwarf Delver on Dec 7, 2020.
             Was a Believer of Ru.
             Killed from afar by a deep elf mage (4 damage)
             ... with a sticky flame
             ... on level 13 of the Dungeon on Dec 10, 2020.
             The game lasted 01:25:17 (2349 turns).

Floopie the Cleaver (Deep Dwarf Delver)             Turns: 2349, Time: 01:25:18

Health: 0/136      AC: 20    Str: 18    XL:     10   Next: 33%
Magic:  3/6        EV: 10    Int: 12    God:    Ru [**....]
Gold:   97         SH:  4    Dex: 14    Spells: 9/9 levels left

rFire    . . .     SeeInvis .   L - +0 war axe
rCold    . . .     Faith    .   w - +0 buckler
rNeg     . . .     Spirit   .   A - +0 plate armour
rPois    .         Reflect  .   U - +0 helmet
rElec    .         Harm     .   J - +0 cloak
rCorr    .         Rampage  .   (no gloves)
Will     +....                  I - +1 pair of boots
Stlth    ..........             (no amulet)
HPRegen  0.00/turn              S - +4 ring of evasion
MPRegen  0.10/turn              B - +4 ring of protection

@: berserking, liquid flames, non-regenerating, glowing, very quick
A: damage resistance, heal wounds, talons 1, sense surroundings 3, unskilled 1,
no regeneration
a: Heal Wounds, Renounce Religion


You were on level 13 of the Dungeon.
You worshipped Ru.
Ru was pleased with you.
You visited 2 branches of the dungeon, and saw 12 of its levels.

You collected 237 gold pieces.
You spent 140 gold pieces at shops.

Inventory:

Hand Weapons
 E - a +1 trident of venom
 L - a +0 war axe (weapon)
Missiles
 N - 17 poisoned darts (quivered)
Armour
 w - a +0 buckler (worn)
 A - a +0 plate armour (worn)
 I - a +1 pair of boots (worn)
 J - a +0 cloak (worn)
 U - a +0 helmet (worn)
Jewellery
 f - an uncursed ring of protection from fire
 B - a +4 ring of protection (right hand)
 M - an uncursed ring of magical power
 S - a +4 ring of evasion (left hand)
Wands
 D - a wand of digging (1)
 P - a wand of paralysis (7)
Scrolls
 c - 3 scrolls of fog
 y - a scroll of enchant weapon
 G - a scroll of immolation {unknown}
 Y - a scroll of remove curse
 Z - a scroll of amnesia {unknown}
Potions
 l - a potion of flight
 z - a potion of ambrosia
 C - a potion of invisibility
 H - 3 potions of haste
 O - a potion of cancellation
 Q - a potion of curing
 T - a potion of attraction
 V - a potion of lignification
 W - 4 potions of heal wounds
 X - a potion of resistance
Miscellaneous
 x - a tin of tremorstones (inert)


   Skills:
 - Level 6.1 Fighting
 - Level 12.6 Axes
 - Level 4.1 Armour
 - Level 2.0 Dodging
 - Level 5.4 Stealth
 + Level 2.2 Shields


You had 9 spell levels left.
You didn't know any spells.
Your spell library was empty.

Dungeon Overview and Level Annotations

Branches:
Dungeon (14/15)            Temple (1/1) D:4
   Lair: D:8-11         Orc: D:9-12      Vaults: D:13-14

Altars:
Ashenzari
Cheibriados
Dithmenos
Elyvilon
Fedhas
Gozag
Hepliaklqana
Kikubaaqudgha
Nemelex Xobeh
Okawaru
Ru
Sif Muna
Trog
Uskayaw
Vehumet
Wu Jian
Xom
Yredelemnul
Zin
The Shining One

Shops:
D:4 !   D:5 *   D:7 [*!


Innate Abilities, Weirdness & Mutations

You are resistant to damage.
You can heal yourself by infusing magical energy.
You passively map a large area around you.
You are somewhat unskilled. (-1 Apt)
You do not regenerate.
You have sharp toenails.


Message History

You are covered in liquid flames!
The deep elf mage hits you but does no damage.
The fire elemental hits you. The fire elemental burns you!
* * * LOW HITPOINT WARNING * * *
The fire elemental hits you. The fire elemental burns you!
* * * LOW HITPOINT WARNING * * *
Okay, then.
You slash the deep elf mage!
The deep elf mage is almost dead.
You slash the fire elemental! x2
You are covered in liquid flames!
The fire elemental hits you. The fire elemental burns you!
* * * LOW HITPOINT WARNING * * *
You focus your will and illuminate the fire elemental in retribution!
The fire elemental hits you. The fire elemental burns you!
* * * LOW HITPOINT WARNING * * *
The deep elf mage casts a spell at you. The sticky flame hits you.
You are covered in liquid flames!
You die...

, ,, , ,,
########+##......# , ,
.......?.)..>....# **
* * .................#
, # ,......###.......#
* *##.###....#
#....(..#
.....##...###.......#
......##............#
, *
,..^...e##...........#
, ,,
,..<^..E@E.####......#
,,, **
..^....##....#......#
* * ,.....!#
.....#......# *
*.....#*......#......#
** ##.##
.......#......# #
........# ,....
.........# ,
*#.....##### , , , * ,


You could see a deep elf mage and 2 fire elementals.

Vanquished Creatures
  A two-headed ogre (D:9)
  A centaur skeleton (D:11)
  A meliai (D:11)
  A vampire (D:11)
  2 water moccasins
  2 ice beasts (D:8)
  5 orc warriors
  A black bear (D:7)
  A phantom (D:10)
  5 sky beasts
  An eye of draining (D:13)
  6 ogres
  A centaur (D:10)
  2 big kobolds
  3 bullfrogs
  A water moccasin zombie (D:8)
  A scorpion (D:8)
  3 wights (D:11)
  4 killer bees (D:7)
  2 electric eels (D:10)
  A bullfrog zombie (D:7)
  3 quasits
  4 hounds
  2 jellies
  5 orc wizards
  2 orc priests
  An iguana (D:5)
  8 worker ants
  A howler monkey zombie (D:7)
  A worker ant zombie (D:7)
  7 adders
  A white imp (D:7)
  An ooze (D:5)
  An adder zombie (D:9)
  2 adder skeletons
  20 orcs
  3 giant cockroaches
  3 jackals (D:4)
  11 kobolds
  2 quokkas
123 creatures vanquished.

Vanquished Creatures (others)
  3 plants (D:10)
3 creatures vanquished.

Grand Total: 126 creatures vanquished

Notes
Turn   | Place    | Note
-------+----------+-------------------------------------------
     0 | D:5      | Floopie the Deep Dwarf Delver began the quest for the Orb.
     0 | D:5      | Reached XP level 1. HP: 20/20 MP: 1/1
     2 | D:6      | Noticed a worker ant
    25 | D:6      | Killed a worker ant
    26 | D:6      | Reached skill level 3 in Fighting
    26 | D:6      | Reached skill level 3 in Axes
    26 | D:6      | Reached XP level 2. HP: 21/28 MP: 2/2
    31 | D:6      | Reached XP level 3. HP: 21/34 MP: 3/3
    67 | D:5      | Found Elukir's Elemental Accessories.
    94 | D:5      | Reached skill level 4 in Axes
   100 | D:5      | Reached XP level 4. HP: 19/42 MP: 3/3
   197 | D:5      | Noticed a centaur
   264 | D:4      | Found a staircase to the Ecumenical Temple.
   277 | Temple   | Entered the Ecumenical Temple
   339 | D:4      | Found a bloodstained altar of Trog.
   395 | D:4      | Found Gaomp's Distillery.
   398 | D:4      | Bought a potion of lignification for 30 gold pieces
   439 | D:4      | Found a glowing golden altar of the Shining One.
   472 | D:4      | Reached skill level 5 in Axes
   526 | D:5      | Reached XP level 5. HP: 27/49 MP: 4/4
   570 | D:6      | Reached skill level 6 in Axes
   579 | D:6      | Noticed a water moccasin
   592 | D:6      | Noticed an orc warrior
   597 | D:6      | Killed a water moccasin
   598 | D:6      | Reached XP level 6. HP: 21/57 MP: 5/5
   600 | D:6      | Noticed an ice beast
   613 | D:5      | Killed an orc warrior
   614 | D:5      | Reached skill level 7 in Axes
   626 | D:7      | Noticed a sky beast
   641 | D:7      | Killed a sky beast
   642 | D:7      | Reached XP level 7. HP: 55/64 MP: 5/5
   642 | D:7      | Found Gise's General Store.
   653 | D:7      | Reached skill level 8 in Axes
   682 | D:7      | Found Refairr's Distillery.
   698 | D:7      | You fall into a shaft and drop 3 floors!
   698 | D:10     | Entered Level 10 of the Dungeon
   719 | D:10     | Reached skill level 9 in Axes
   783 | D:10     | Reached skill level 10 in Axes
   783 | D:10     | Reached XP level 8. HP: 28/72 MP: 5/5
   805 | D:9      | Found a sparkling altar of Nemelex Xobeh.
   807 | D:9      | Found an ornate altar of the Wu Jian Council.
   847 | D:9      | Noticed a two-headed ogre
   857 | D:9      | Killed a two-headed ogre
   858 | D:9      | Reached skill level 11 in Axes
   888 | D:9      | Gained mutation: You passively map the area around you.
                  | [Deep Dwarf growth]
   888 | D:9      | Reached XP level 9. HP: 75/81 MP: 5/5
   892 | D:9      | Found an iron altar of Okawaru.
   965 | D:8      | Reached skill level 12 in Axes
  1008 | D:9      | Reached skill level 1 in Armour
  1027 | D:9      | Gained mutation: You passively map a large area around you.
                  | [potion of mutation]
  1027 | D:9      | Gained mutation: You have sharp toenails. [potion of
                  | mutation]
  1073 | D:8      | Found a sacrificial altar of Ru.
  1082 | D:8      | Became a worshipper of Ru the Awakened
  1368 | D:11     | Noticed a meliai
  1378 | D:11     | Noticed a brown ugly thing
  1382 | D:11     | Reached skill level 6 in Fighting
  1382 | D:11     | Reached skill level 3 in Armour
  1384 | D:11     | Killed a meliai
  1385 | D:11     | Reached skill level 13 in Axes
  1386 | D:11     | Noticed a four-headed hydra
  1529 | D:11     | Found Limobbu's Antique Armour Shoppe.
  1540 | D:11     | Reached XP level 10. HP: 86/91 MP: 6/6
  1733 | D:7      | Found Iczae's Armour Shop.
  1736 | D:7      | Gained mutation: You are somewhat unskilled. (-1 Apt) [Ru
                  | sacrifice]
  1736 | D:7      | Reduced skill Axes to level 12
  1736 | D:7      | Reduced skill Armour to level 3
  1736 | D:7      | Reached * piety under Ru
  1736 | D:7      | Reached ** piety under Ru
  1762 | D:7      | Found a snail-covered altar of Cheibriados.
  1770 | D:7      | Upgraded the game from 0.26-a0-1012-gedcf9b2963 to
                  | 0.26-a0-1033-gd598b01645
  1861 | D:7      | Bought a potion of flight for 30 gold pieces
  1861 | D:7      | Bought a potion of invisibility for 80 gold pieces
  1941 | D:6      | Found a shadowy altar of Dithmenos.
  2023 | D:8      | Reached skill level 6 in Fighting
  2060 | D:7      | You fall into a shaft and drop 2 floors!
  2060 | D:9      | Found a broken altar of Ashenzari.
  2268 | D:11     | You fall into a shaft and drop 2 floors!
  2269 | D:13     | Noticed a skeletal warrior
  2269 | D:13     | Noticed a skeletal warrior
  2269 | D:13     | Noticed a skeletal warrior
  2269 | D:13     | Noticed a skeletal warrior
  2301 | D:13     | Reached skill level 1 in Shields
  2308 | D:13     | Noticed an eight-headed hydra
  2329 | D:14     | Noticed a cyclops
  2329 | D:14     | Noticed an orc knight
  2340 | D:13     | Noticed a deep elf mage
  2349 | D:13     | HP: 4/136 [fire elemental[a deep elf mage] (12)]
  2349 | D:13     | Killed from afar by a deep elf mage

Illustrated notes

Levels and vault maps discovered:
D:3:      wander_river, layout_basic, supply_closet_lemuel,
          yredelemnul_altar_generic
D:4:      layout_gridville, nicolae_overflow_crystal_walls,
          overflow_temple_1_default, minmay_temple_entry_glassed_door,
          serial_shops, shop, uniq_edmund
D:5:      layout_cave_pools, nicolae_elemental_shop
D:6:      lemuel_upstairs_altar, layout_cave_pools,
          nicolae_qazlal_eye_of_the_storm, serial_shops,
          nicolae_shop_statue_plus, serial_glass, glass_columns_c,
          glass_columns_a
D:7:      layout_cave_pools, serial_shops, shop, nicolae_shop_statue_plus,
          kennysheep_little_box, shop_fountains, cheibriados_altar_1
D:8:      layout_loops_ring, nicolae_overflow_hidden_temple,
          minmay_misc_feat_rugged
D:9:      layout_layer_cave, general_overflow_altar, minitemple,
          okawaru_metal_pillars_1_2
D:10:     layout_loops_cross, nicolae_wwwww, serial_bayou_ford_a
D:11:     layout_gridville, lair_entry_dummy, serial_shops, shop,
          ebering_ghost_disaster_area, minmay_bent
D:13:     layout_stronghold, bh_hangedman_babel_library
D:14:     minmay_tri_box, layout_cross, amethyst_killhole
Temple:   nicolae_temple_great_sept

Skill      XL: |  1  2  3  4  5  6  7  8  9 10 |
---------------+-------------------------------+-----
Fighting       | 3 4 5 6 6 |  6.1
Axes           | 3 4 5 6 7 10 11 13 12 | 12.6
Armour         | 4 4 |  4.1
Stealth        | 5 |  5.4
Shields        | 2 |  2.2
Dodging        | |  2.0

Action                   |  1- 3 |  4- 6 |  7- 9 | 10-12 || total
-------------------------+-------+-------+-------+-------++-------
Melee: Hand axe          |    33 |   105 |       |       ||   138
       War axe           |       |    21 |   323 |   137 ||   481
       Kick              |       |       |    34 |     4 ||    38
Throw: Dart              |     5 |       |       |     3 ||     8
       Throwing net      |       |     1 |       |       ||     1
Invok: Sacrifice Skill   |       |       |       |     1 ||     1
 Abil: Heal Wounds       |     2 |     5 |    16 |     5 ||    28
Evoke: Wand              |       |     3 |     6 |     2 ||    11
       Tin of tremorston |       |       |     2 |       ||     2
  Use: Scroll            |       |     1 |     6 |     7 ||    14
       Potion            |       |       |     2 |     3 ||     5
 Stab: Sleeping          |       |     1 |       |       ||     1
       Paralysed         |       |       |    11 |       ||    11
Armor: Leather armour    |     4 |     2 |       |       ||     6
       Chain mail        |       |    60 |   107 |       ||   167
       Plate armour      |       |       |   138 |    57 ||   195
Dodge: Dodged            |    31 |    86 |   212 |    50 ||   379
Block: Buckler           |       |       |       |     3 ||     3

Table legend: (Time is in decaauts)
 A = Elapsed time spent in this place.
 B = Non-inter-level travel time spent in this place.
 C = Inter-level travel time spent in this place.
 D = Time resting spent in this place.
 E = Time spent auto-exploring this place.
 F = Levels seen in this place.
 G = Mean time per level.
                   A        B        C        D        E       F      G
               +--------+--------+--------+--------+--------+-----+--------+
         Total |   2340 |   2221 |    119 |      0 |      0 |  12 |  195.0 |
       Dungeon |   2292 |   2178 |    114 |      0 |      0 |  11 |  208.4 |
        Temple |     47 |     42 |      5 |      0 |      0 |   1 |   47.0 |
               +--------+--------+--------+--------+--------+-----+--------+

Top non-repeatable levels by time:
    D:10: 531 daAuts
     D:7: 323 daAuts
     D:8: 322 daAuts
     D:9: 311 daAuts
     D:5: 255 daAuts
     D:4: 195 daAuts
     D:6: 139 daAuts
    D:11: 121 daAuts
    D:13: 75 daAuts
  Temple: 47 daAuts
     D:3: 15 daAuts
    D:14: 1 daAuts
